[Event "Early-Titled-Tuesday-Blitz-February-13-2024"]
[Site "Chess.com"]
[Date "2024.02.13"]
[Round "11"]
[White "theoneandonlydaaevik"]
[Black "PepeCuenca"]
[Result "0-1"]
[WhiteElo "2508"]
[BlackElo "2686"]
[TimeControl "180+1"]
[EndTime "10:11:04 PST"]
[Termination "PepeCuenca won by resignation"]

1. Nf3 Nf6 2. g3 g6 3. b3 Bg7 4. Bb2 O-O 5. Bg2 b6 6. O-O Bb7 7. c4 c5 8. d4 cxd4 9. Qxd4 d6 10. Rd1 Nbd7 11. Nc3 Ne4 12. Qe3 Nxc3 13. Bxc3 Bxc3 14. Qxc3 Qc7 15. h4 Nf6 16. Rac1 Rac8 17. Qe3 Rfe8 18. Nd4 Bxg2 19. Kxg2 Qc5 20. Qf3 h5 21. e3 Ng4 22.
Qd5 Nf6 23. Qxc5 bxc5 24. Nb5 a6 25. Nc3 Kf8 26. Kf3 Rb8 27. Nd5 Nxd5 28. Rxd5 a5 29. Rc2 a4 30. Rd3 Rb4 31. Ke2 Reb8 32. Rcc3 Ra8 33.
Rd2 axb3 34. axb3 Ra1 35. Kd3 Ke8 36. Kc2 Kd7 37. Rcd3 Ra2+ 38. Kc3 Ra1 39. Kb2 Rf1 40. Re2 Ke6 41. Ka2 Rb8 42. Kb2 Ra8 43. Rdd2 Raa1 44.
Kc3 Rac1+ 45. Rc2 Ke5 46. Kd3 Rfd1+ 47. Rcd2 Rxd2+ 48. Rxd2 Rb1 49. Kc2 Ra1 50. Kd3 Kf5 51.
Ke2 Rb1 52. Rd3 Kg4 53. e4 Rb2+ 54. Ke3 Kh3 55. Rd1 Kg2 56. Rd3 Rxf2 0-1

[Event "Early-Titled-Tuesday-Blitz-February-13-2024"]
[Site "Chess.com"]
[Date "2024.02.13"]
[Round "11"]
[White "N_I_Chess"]
[Black "Austen48"]
[Result "0-1"]
[WhiteElo "2286"]
[BlackElo "2245"]
[TimeControl "180+1"]
[EndTime "10:11:07 PST"]
[Termination "Austen48 won by checkmate"]

1. d4 Nf6 2. c4 e6 3. Nc3 Bb4 4. Nf3 O-O 5. e3 Re8 6. Bd3 d5 7. cxd5 Nxd5 8. Bd2 Nxc3 9. bxc3 Bf8 10. Qc2 h6 11. O-O c5 12. e4 cxd4 13. cxd4 Nc6 14. Bc3 Nb4 15. Qe2 Nxd3 16. Qxd3 b6 17. Qe3 Bb7 18.
a4 Rc8 19. a5 b5 20. Rfc1 a6 21. Ne5 Qg5 22. Qxg5 hxg5 23. f3 Red8 24. Kf2 Bd6 25. Nd3 Rc4 26. g3 Kf8 27. Ke3 Ke7 28. Bd2 Rxd4 29.
Kxd4 Bf4+ 30. Kc3 Rc8+ 31. Kb3 Bxd2 32. Rxc8 Bxc8 33. Nc5 Be3 34. Nd3 Bd4 35. Rc1 Kd8 36. Nb4 Be3 37. Rc3 Bg1 38. h3 Bf2 39. Nc6+ Ke8 40. g4 f6 41. Ne5 Kd8 42. Nd3 Bd4 43.
Rc2 e5 44. Nb4 Be6+ 45. Ka3 Bc4 46. Nc6+ Kc7 47. Nxd4 exd4 48. Kb4 d3 49. Rd2 Kd6 50. Kc3 Ke5 51. h4 gxh4 52. Rh2 g5 53. Kd2 Kf4 54.
Rf2 Kg3 55. Ke3 h3 56. e5 fxe5 57. Rf1 h2 58. Rh1 Kg2 59. Rd1 h1=Q 60. Rxh1 Kxh1 61. Kd2 Kg2 62. Ke3 Kg3 63. f4 exf4+ 64. Ke4 Kxg4 65.
Kd4 d2 66. Kc5 d1=Q 67. Kb4 Qb3+ 68. Kc5 Qa3+ 69. Kb6 Qxa5+ 70. Kxa5 f3 71. Kb4 f2 72. Kc5 f1=Q 73. Kb4 Qd3 74. Ka5 Be6 75. Kb6 b4 76.
Ka5 b3 77. Kb4 b2 78. Ka5 b1=Q 79. Ka4 Qdb3+ 80. Ka5 Qb5# 0-1

[Event "Early-Titled-Tuesday-Blitz-February-13-2024"]
[Site "Chess.com"]
[Date "2024.02.13"]
[Round "11"]
[White "Conejoviejo67"]
[Black "Sofia_Blokhin"]
[Result "1-0"]
[WhiteElo "2451"]
[BlackElo "2254"]
[TimeControl "180+1"]
[EndTime "10:11:10 PST"]
[Termination "Conejoviejo67 won on time"]

1. e4 c5 2. Nc3 e6 3. g3 Nc6 4.
Bg2 g6 5. d3 Bg7 6. Be3 d6 7.
f4 Nge7 8. Nf3 O-O 9. O-O b6 10. d4 cxd4 11. Nxd4 Bb7 12. Rf2 d5 13. exd5 exd5 14. Rd2 Nxd4 15. Bxd4 Qc7 16. Bxg7 Kxg7 17. Nxd5 Qc5+ 18. Kh1 Rad8 19. Nxe7 Bxg2+ 20. Kxg2 Qxe7 21. Qe2 Rxd2 22. Qxd2 Qe4+ 23. Kg1 Re8 24. Rd1 Kg8 25. Qc3 Qe2 26. Qd3 Qxd3 27. Rxd3 Re2 28. Rc3 Kg7 29. Rc6 Kh6 30. h3 Kg7 31. Kf1 Rd2 32.
b4 h5 33. a4 h4 34. gxh4 Rd4 35. c3 Rxf4+ 36. Kg2 Rxh4 37. Rc7 a5 38. bxa5 bxa5 39. c4 Kf6 40. Rc5 Ke6 41. Kg3 Rd4 42. Kf3 Kd6 43. Rxa5 Rxc4 44. Ra7 f5 45. Ra6+ Ke5 46. Rxg6 Rxa4 47.
Rg8 Ra3+ 48. Kg2 Kf4 49. h4 Ra2+ 50. Kh3 Ra3+ 51. Kg2 Ra2+ 52. Kf1 Kf3 53. Ke1 f4 54. h5 Ra1+ 55. Kd2 Kf2 56. h6 Rh1 57. Rg6 f3 58. Rf6 Kg2 59. Rg6+ Kf1 60. Ke3 f2 61. Kd2 Rh4 62.
Rf6 Kg2 63. Rg6+ Kf3 64. Rf6+ Kg3 65. Ke2 Re4+ 66. Kd2 Rh4 67. Rg6+ 1-0

[Event "Early-Titled-Tuesday-Blitz-February-13-2024"]
[Site "Chess.com"]
[Date "2024.02.13"]
[Round "11"]
[White "ChainedDowntohell"]
[Black "banhgiahuy2606"]
[Result "1-0"]
[WhiteElo "2561"]
[BlackElo "2668"]
[TimeControl "180+1"]
[EndTime "10:11:12 PST"]
[Termination "ChainedDowntohell won by resignation"]

1. d4 Nf6 2. c4 g6 3. Nc3 Bg7 4.
e4 d6 5. Nf3 O-O 6. Be2 e5 7.
d5 a5 8. Bg5 Na6 9. Qc2 h6 10.
Be3 Ng4 11. Bd2 f5 12. h3 Nf6 13. Be3 Nb4 14. Qb1 fxe4 15. Nxe4 Nxe4 16. a3 Bf5 17. g4 Nc3 18. gxf5 Nxb1 19. axb4 e4 20. Nd4 Bxd4 21.
Bxd4 Rxf5 22. Rxb1 axb4 23. Rg1 Kh7 24. Rg3 Qh4 25.
Kd2 Raf8 26. Rbg1 Rxf2 27. Rxg6 Rxe2+ 28. Kxe2 Qh5+ 29. R6g4 Rg8 30. Ke1 Rg5 31. Bf6 Qxh3 32. Bxg5 hxg5 33. R4g3 Qh4 34. Ke2 Kg6 35. R1g2 Qf4 36.
Rg1 Qe5 37. Ke3 Qf4+ 38. Ke2 e3 39. Rxe3 Qxc4+ 40. Kf2 Qf4+ 41. Ke2 Qc4+ 42. Kf2 Qxd5 43.
Rge1 Qf5+ 44. Kg2 d5 45. Re6+ Kf7 46. R6e3 Qg4+ 47. Rg3 Qd4 48. Rf3+ Kg6 49. Re2 g4 50. Rg3 Kg5 51. Rge3 Kf4 52. Re8 Qg7 53. R8e7 Qh6 54.
Re8 Qh3+ 55. Kg1 d4 56. Rf2+ Kg5 57. Rg8+ Kh4 58. Rh8+ Kg3 59. Rxh3+ Kxh3 60. Rf7 g3 61. Rxc7 1-0

[Event "Early-Titled-Tuesday-Blitz-February-13-2024"]
[Site "Chess.com"]
[Date "2024.02.13"]
[Round "11"]
[White "nfds"]
[Black "NikitaShnadrygin"]
[Result "0-1"]
[WhiteElo "2484"]
[BlackElo "2628"]
[TimeControl "180+1"]
[EndTime "10:11:13 PST"]
[Termination "NikitaShnadrygin won by resignation"]

1. e3 d5 2. Nf3 Nf6 3. b3 c5 4.
Bb2 a6 5. Be2 Nc6 6. O-O d4 7.
Re1 g6 8. c3 d3 9. Bf1 Bg7 10.
e4 O-O 11. Re3 Ng4 12. Rxd3 Qc7 13. h3 Nh6 14. Rd5 b6 15. d4 e6 16. Rg5 cxd4 17. cxd4 Bb7 18. Nc3 Rad8 19. d5 Ne7 20. Rc1 Qb8 21. Ba3 Bf6 22. Qd2 exd5 23. e5 Bxg5 24. Qxg5 Nef5 25. Bxf8 Rxf8 26. Ne2 f6 27. exf6 Nf7 28.
Qd2 Qd6 29. Ned4 Qxf6 30. Rc7 Bc8 31. Nxf5 Bxf5 32. Be2 Be4 33. Nd4 Ne5 34. f3 Bf5 35. Qh6 Nf7 36. Qe3 Qd6 37. Nxf5 Qxc7 38. Ne7+ Kg7 39.
Nxd5 Qe5 40. Qxe5+ Nxe5 41. Nxb6 Rd8 42. Nc4 Nxc4 43.
Bxc4 a5 44. a4 Rd2 45. Kh2 Kf6 46. Kg3 h6 47. h4 Ke5 48. Bf7 Kf6 49. Bc4 Rb2 50.
Kh3 Rb1 51. Kg3 Rb2 52. Kh3 Ke5 53. Kg3 Rd2 54. Kh3 Kf4 55. Bf7 Rd1 56. Kh2 g5 57. hxg5 hxg5 58. g3+ Kxf3 59. Bc4 g4 60. Be6 Rd2+ 61.
Kg1 Kxg3 62. Kf1 Rf2+ 63. Ke1 Rf3 64. Ke2 Rf4 65. Bd5 Kh2 66. Ke3 Rf8 67. Kd4 g3 68.
Kc5 Rf5 69. Kc4 Rxd5 70. Kxd5 g2 71. Kc4 g1=Q 0-1

[Event "Early-Titled-Tuesday-Blitz-February-13-2024"]
[Site "Chess.com"]
[Date "2024.02.13"]
[Round "11"]
[White "Jaka_Brilej"]
[Black "isaak2009"]
[Result "0-1"]
[WhiteElo "2537"]
[BlackElo "2683"]
[TimeControl "180+1"]
[EndTime "10:11:16 PST"]
[Termination "isaak2009 won by resignation"]

1. e4 e5 2. Nf3 Nc6 3. Bc4 Nf6 4. Ng5 d5 5. exd5 Na5 6. Bb5+ c6 7. dxc6 bxc6 8. Bd3 Nd5 9. Nf3 Bd6 10. O-O O-O 11. Re1 f5 12. Nxe5 Qf6 13. Nf3 g5 14. c4 Nf4 15.
Bf1 g4 16. d4 gxf3 17. Qxf3 Ne6 18. Qc3 Nb7 19. c5 Bc7 20. b4 a5 21. b5 cxb5 22.
Bxb5 a4 23. Bb2 Ba5 24. Qg3+ Qg6 25. Re2 Qxg3 26. hxg3 Nbd8 27. Na3 Ba6 28. Bc4 Bxc4 29. Nxc4 f4 30. Rc1 fxg3 31. fxg3 Bc7 32. Ne5 a3 33. Bc3 Ra4 34. Rd1 Bxe5 35. Rxe5 Rc4 36. Rd3 Nc7 37. Rg5+ Kf7 38. Rf3+ Ke8 39. Re5+ Nde6 40.
Rfe3 Kd7 41. Rh5 Rf7 42. d5 Nxc5 43. Ba5 Ne4 44. Rxa3 Rc1+ 45. Kh2 Nf2 46. g4 Nxg4+ 47. Kg3 Nf6 48. Rh6 Nfxd5 49. Rd3 Kc8 50. Bd2 Rc2 51. Rh5 Rg7+ 52. Kh2 Rxg2+ 53. Kxg2 Nf4+ 54. Kf3 Nxh5 55. a4 Rc4 56. a5 Nf6 57. Rd6 Ne4 58. Rd3 Nxd2+ 59. Rxd2 Rc5 60. Rh2 Rf5+ 61. Kg3 h5 62. Ra2 Kb7 63. Kh4 Ne8 64. Rb2+ Ka6 65. Rb6+ Kxa5 66.
Re6 Nf6 67. Re7 Kb5 68. Rc7 Kb6 69. Rc1 Nd5 70. Rb1+ Kc6 71. Rc1+ Kd6 72. Rd1 Ke6 73. Rf1 Rxf1 0-1

[Event "Early-Titled-Tuesday-Blitz-February-13-2024"]
[Site "Chess.com"]
[Date "2024.02.13"]
[Round "11"]
[White "MyDream003"]
[Black "AlmasRakhmatullaev"]
[Result "1-0"]
[WhiteElo "2738"]
[BlackElo "2848"]
[TimeControl "180+1"]
[EndTime "10:11:17 PST"]
[Termination "MyDream003 won on time"]

1. e4 e5 2. Nf3 Nc6 3. Bb5 Nge7 4. O-O g6 5. c3 Bg7 6. Re1 O-O 7. d4 exd4 8. cxd4 d5 9. exd5 Nxd5 10. Bxc6 bxc6 11. Nbd2 Re8 12. Rxe8+ Qxe8 13. h3 Rb8 14. Nb3 Ba6 15. Nh2 Be2 16. Qe1 Nb4 17. Be3 Bc4 18.
Qd2 Nxa2 19. Rxa2 Rxb3 20. Rxa7 Qb8 21. Qa5 Qe8 22. Ng4 h5 23. Ne5 Bd5 24. Ra8 Rb8 25. Rxb8 Qxb8 26. b4 Kh7 27. Bf4 Qb6 28. Qc5 Qa6 29. f3 Qe2 30. Qc3 Bf6 31. Qd2 Qb5 32. Nd7 Be7 33. Be5 g5 34. h4 gxh4 35. Nf6+ Bxf6 36.
Bxf6 Be6 37. Be5 f6 38. Bxf6 h3 39. gxh3 Qf5 40. Be5 Bd5 41. Qf4 Qxh3 42. Kf2 Qe6 43. Ke3 Qg6 44. Bxc7 Qe6+ 45. Be5 Qg6 46. Kf2 Qc2+ 47.
Kg3 Qg6+ 48. Kh4 Qe6 49. Qg5 Qg6 50. Qe7+ Qf7 51. Qg5 Bxf3 52. Bf6 Bg4 53. Qf4 Kg6 54. Qg5+ Kh7 55. Kg3 Qe6 56. Be5 Qg6 57. Qe7+ Kg8 58. Qd8+ Kh7 59. Qc7+ Kh6 60. Bf4+ 1-0

[Event "Early-Titled-Tuesday-Blitz-February-13-2024"]
[Site "Chess.com"]
[Date "2024.02.13"]
[Round "11"]
[White "HamedWafa4"]
[Black "viktorskliarov"]
[Result "1-0"]
[WhiteElo "2747"]
[BlackElo "2597"]
[TimeControl "180+1"]
[EndTime "10:11:21 PST"]
[Termination "HamedWafa4 won by resignation"]

1. e4 c5 2. Nf3 Nc6 3. Bb5 e6 4. Bxc6 bxc6 5. O-O Ne7 6. b3 Ng6 7. Bb2 f6 8. c3 Be7 9. d4 cxd4 10. cxd4 O-O 11.
d5 cxd5 12. exd5 Bb7 13. Nc3 Bb4 14. dxe6 dxe6 15. Qe2 Nf4 16. Qe3 Bxc3 17. Bxc3 e5 18. Rfd1 Qc8 19. Bb4 Qg4 20. Ne1 Nxg2 21. Qg3 Qxb4 22.
Rd7 Rf7 23. Rxf7 Kxf7 24. Nxg2 Rd8 25. Rc1 Rd7 26. Qh3 Qd2 27. Rf1 h6 28. Qh5+ Kf8 29. h4 Qxa2 30. Qg4 Qd2 31. h5 Qd3 32. Nh4 Qe4 33. Qh3 Rd6 34. Ng6+ Ke8 35. Rc1 Bc6 36. Kh2 Kd8 37. Qg3 Kc7 38. Nh4 Qf4 39. Qxf4 exf4 40.
Rg1 Rd7 41. Nf5 Bd5 42. b4 Be6 43. Nxg7 Bc4 44. Nf5 Rd5 45. Rg7+ Kb6 46. Ne7 Rxh5+ 47. Kg2 Kb5 48. Kf3 Kxb4 49. Kxf4 a5 50. Nc6+ Kc3 51.
Ra7 a4 52. Rxa4 Bb5 53. Ra5 Rd5 54. Ne7 Rd4+ 55. Kg3 Bd3 56. Nc6 Rd6 57. Ne7 Rd7 58. Nf5 Rc7 59. Nxh6 Kd2 60. Ng4 f5 61. Ne3 Rg7+ 62.
Kf4 Rf7 63. Rd5 Ke2 64. f3 Bb1 65. Nc4 Rf8 66. Ne5 Bc2 67. Rc5 Bb1 68. Rb5 Bc2 69.
Rb2 Kd1 70. Nc4 Kc1 71. Ra2 Rc8 72. Ne3 Rc5 73. Rxc2+ Rxc2 74. Nxc2 Kxc2 75. Kxf5 Kd3 76. f4 Kd4 77. Kg6 Ke4 78. f5 1-0

[Event "Early-Titled-Tuesday-Blitz-February-13-2024"]
[Site "Chess.com"]
[Date "2024.02.13"]
[Round "11"]
[White "Mariia89"]
[Black "egnfanclub"]
[Result "1-0"]
[WhiteElo "2214"]
[BlackElo "2344"]
[TimeControl "180+1"]
[EndTime "10:11:36 PST"]
[Termination "Mariia89 won on time"]

1. d4 d5 2. c4 c6 3. e3 Nf6 4.
Nc3 e6 5. Nf3 Nbd7 6. Bd3 dxc4 7. Bxc4 b5 8. Bd3 a6 9. O-O c5 10. Qe2 Bb7 11. Rd1 c4 12. Bb1 Be7 13. e4 O-O 14. e5 Nd5 15. Ne4 h6 16. a3 Qb6 17.
Qc2 f5 18. exf6 N7xf6 19. Nxf6+ Nxf6 20. Ne5 Be4 21. Qe2 Bxb1 22. Rxb1 Rad8 23. Be3 Nd5 24. Qg4 Nxe3 25. fxe3 Rf5 26. Rf1 Rdf8 27. Rxf5 exf5 28. Qf3 f4 29. Qd5+ Kh7 30. Qe4+ Kg8 31. exf4 Rd8 32.
Nc6 Bf6 33. Nxd8 Qxd8 34. Rd1 Qd6 35. h3 b4 36. axb4 Qxb4 37. Qe2 a5 38. Kh1 c3 39. bxc3 Qxc3 40. d5 Qg3 41. Qc4 Kh8 42. d6 Bd8 43. d7 Qh4 44. Qf7 Kh7 45. Qf5+ Kg8 46. Qg4 Qe7 47. Qf3 Bc7 48. Qb3+ Kh7 49.
Qc4 Bd8 50. Qd4 a4 51. Qxa4 Qe2 52. Qd4 Qe7 53. Qd3+ g6 54. Rd2 Kg7 55. Re2 Qf6 56. Qe4 h5 57. Qe6 Qh4 58. Qe4 Qf6 59. Kh2 h4 60.
Qf3 Bc7 61. Re4 g5 62. Qg4 Bxf4+ 63. Rxf4 Qd6 64. d8=Q Qxd8 65. Rf1 Qd6+ 66. Kh1 Kg6 67. Qf5+ Kh5 68. Qf3+ Kh6 69. Qf6+ 1-0

[Event "Early-Titled-Tuesday-Blitz-February-13-2024"]
[Site "Chess.com"]
[Date "2024.02.13"]
[Round "11"]
[White "Attacks_Hurricane"]
[Black "verrbaa"]
[Result "0-1"]
[WhiteElo "2343"]
[BlackElo "2481"]
[TimeControl "180+1"]
[EndTime "10:11:42 PST"]
[Termination "verrbaa won by checkmate"]

1. e4 c5 2. Nf3 e6 3. d4 cxd4 4. Bg5 Qb6 5. Qxd4 Qxd4 6. Nxd4 a6 7.
Nc3 d6 8. O-O-O h6 9. Bh4 Bd7 10.
a4 Nc6 11. Nxc6 Bxc6 12. Bg3 Rd8 13. f3 Nf6 14. Bc4 Be7 15. Rd2 O-O 16. Rhd1 e5 17.
Kb1 Rb8 18. Bh4 g5 19. Bf2 b5 20. axb5 axb5 21. Bb3 b4 22. Nd5 Nxd5 23. Bxd5 Bb5 24.
Ba7 Rbc8 25. Bb6 Bd7 26. Ba5 Rb8 27. Bb3 Rfc8 28. Rd5 Be6 29. R5d3 Rb5 30. Rd5 Bxd5 31. Rxd5 Rxd5 32. Bxd5 Rb8 33. b3 Bd8 34. Bxd8 Rxd8 35. Kb2 Rc8 36. Bc4 Kf8 37. c3 bxc3+ 38. Kxc3 f6 39.
Kd3 Ke7 40. Ke3 Ra8 41. Kf2 Ra2+ 42. Kg3 h5 43. h3 h4+ 44. Kh2 Rb2 45. Bd5 Kd7 46.
Bc4 Kc7 47. Bd5 Kb6 48. Bc4 Kc5 49. Bd5 Kd4 50. Bc4 Ke3 51. Bd5 Kf2 52. Be6 Ke3 53. Bc4 Kd2 54. Kg1 Kc3 55. Bd5 Rd2 56. Kf1 Rxd5 57. exd5 Kxb3 58. Ke2 Kc4 59. Ke3 Kxd5 60. Kd3 Ke6 61. Ke4 d5+ 62. Ke3 Kd6 63. Kf2 Kc5 64. g3 Kc4 65. f4 exf4 66. gxh4 gxh4 67. Kf3 d4 68. Kxf4 d3 69. Kg4 d2 70. Kxh4 d1=Q 71. Kg3 Qh5 72. Kh2 f5 73. Kg3 Kd5 74. Kf4 Qxh3 75. Kg5 Qg4+ 76. Kf6 f4 77. Kf7 f3 78. Ke7 Qe6+ 79. Kd8 Qg6 80. Kc7 f2 81. Kb7 f1=Q 82.
Ka7 Qc1 83. Kb8 Qf7 84. Ka8 Qf8+ 85. Ka7 Qb4 86. Ka6 Qca3# 0-1

[Event "Early-Titled-Tuesday-Blitz-February-13-2024"]
[Site "Chess.com"]
[Date "2024.02.13"]
[Round "11"]
[White "Zampronha1971"]
[Black "IngOscarArdila"]
[Result "1-0"]
[WhiteElo "2319"]
[BlackElo "2289"]
[TimeControl "180+1"]
[EndTime "10:11:43 PST"]
[Termination "Zampronha1971 won on time"]

1. e4 e5 2. Nf3 Nf6 3. d4 Nxe4 4.
Bd3 d5 5. Nxe5 Nd7 6. Nxd7 Bxd7 7. O-O Be7 8. c4 c6 9. Nc3 Nxc3 10. bxc3 dxc4 11.
Bxc4 O-O 12. Re1 Bf6 13. Rb1 b5 14. Bd3 Qa5 15. Qc2 h6 16. Bd2 Qa3 17. d5 cxd5 18. Bxb5 Bxb5 19. Rxb5 Rad8 20. Qb3 Qd6 21. Rb7 Qa6 22. Be3 Rc8 23. Rxa7 Qd3 24. Rd1 Qe4 25. Bd4 Bxd4 26. cxd4 Rc2 27. Qf3 Qxf3 28. gxf3 Re8 29. Rd7 Ree2 30. Rf1 Rxa2 31. Rxd5 Kf8 32. Kg2 Ke7 33. Re5+ Rxe5 34. dxe5 Ke6 35. Re1 Kf5 36. Kg3 Ra4 37. f4 Rxf4 38. Rb1 Rg4+ 39. Kf3 Rc4 40. Rb7 Rc3+ 41. Kg2 Ke6 42. f3 g5 43. Kg3 Rc4 44. Rb6+ Kxe5 45. Rxh6 f6 46. Rh8 Rc1 47. Re8+ Kf5 48. Rb8 Rg1+ 49. Kf2 Rh1 50. Kg2 Rc1 51. Rb4 Rc2+ 52. Kg3 Rc3 53. Ra4 Rc2 54.
Ra5+ Kg6 55. h3 Rc4 56. Rb5 Rf4 57. Rb8 Kf5 58. Rb6 Rc4 59. Rb5+ Kg6 60. Ra5 Rd4 61.
Rc5 Rb4 62. Rc8 Rd4 63. Rg8+ Kf5 64. Rh8 Rb4 65. Rh6 Rd4 66. Rh7 Rb4 67. Re7 Rd4 68.
Re2 Rb4 69. Rd2 Rc4 70. Rb2 Ra4 71. Rc2 Rb4 72. Rh2 Rd4 73. Rf2 Rf4 74. Rc2 Rd4 75.
Rc5+ Kg6 76. Rc8 Rb4 77. Re8 Rd4 78. Re4 Rd1 79. Rc4 Kf5 80. Rb4 Rg1+ 81. Kf2 Rh1 82.
Kg2 Rc1 83. Ra4 Rc2+ 84. Kg3 Rc1 85. h4 gxh4+ 86. Kxh4 Rg1 87. Kh3 1-0

[Event "Early-Titled-Tuesday-Blitz-February-13-2024"]
[Site "Chess.com"]
[Date "2024.02.13"]
[Round "11"]
[White "MKlose11"]
[Black "Adar_07"]
[Result "1/2-1/2"]
[WhiteElo "2652"]
[BlackElo "2799"]
[TimeControl "180+1"]
[EndTime "10:11:44 PST"]
[Termination "Game drawn - insufficient material"]

1. e4 c6 2. Nc3 d5 3. g3 dxe4 4. Nxe4 Bf5 5. Bg2 e6 6. Ne2 Nf6 7. N2c3 Nxe4 8. Nxe4 Nd7 9. O-O Nf6 10. Nxf6+ Qxf6 11. d4 h5 12. h4 Qg6 13. c3 Bd6 14. Qb3 Rb8 15. Re1 O-O 16. Bg5 b5 17. Qd1 c5 18.
dxc5 Bxc5 19. Be3 Bxe3 20. Rxe3 Rfd8 21. Qe1 Rd6 22. Rd1 Rbd8 23. Rxd6 Rxd6 24. Re2 Bg4 25.
Rd2 Rxd2 26. Qxd2 Qb1+ 27. Kh2 Qxa2 28. Be4 f5 29. Bc6 Qc4 30. Bg2 Qe2 31. Qxe2 Bxe2 32. f4 Kf7 33. Kg1 Kf6 34. Kf2 Bc4 35. Bf3 g6 36.
Ke3 e5 37. fxe5+ Kxe5 38. b4 Bd5 39. Be2 a6 40. Bd3 Be4 41. Be2 Bd5 42. Bd3 Bc4 43. Bc2 Bf1 44. Bb3 Bg2 45. Bf7 Kf6 46. Be8 g5 47.
Bxh5 gxh4 48. gxh4 Ke5 49. Be2 f4+ 50. Kf2 Be4 51.
c4 bxc4 52. Bxc4 Bb7 53. h5 Kf5 54. Be2 Kg5 55. Bf3 Bc8 56. Ke2 Bf5 57. Kd2 Bd7 58.
Kc3 Be8 59. Be2 Bb5 60. Bf3 Be8 61. Be2 Bxh5 62. Bxa6 f3 63. Kd2 Kf4 64. b5 f2 65.
b6 Bf3 66. Be2 Bb7 67. Bf1 Kg3 68. Ke3 Bf3 69. Ba6 Bg2 70. Be2 Bb7 71. Bf1 Bc6 72.
Bb5 Bxb5 73. b7 f1=Q 74. b8=Q+ Kg2 75. Qg8+ Kh3 76. Qh7+ Kg4 77. Qg6+ Kh4 78. Qh6+ Kg3 79. Qg5+ Kh2 80. Qh4+ Kg1 81. Qg3+ Kh1 82. Qh4+ Kg1 83. Qg3+ Qg2 84. Qxg2+ Kxg2 1/2-1/2

[Event "Early-Titled-Tuesday-Blitz-February-13-2024"]
[Site "Chess.com"]
[Date "2024.02.13"]
[Round "11"]
[White "WhiteKnight2612"]
[Black "Rud_Makarian"]
[Result "1/2-1/2"]
[WhiteElo "2900"]
[BlackElo "3037"]
[TimeControl "180+1"]
[EndTime "10:11:45 PST"]
[Termination "Game drawn by repetition"]

1. Nf3 Nf6 2. g3 b5 3. Bg2 Bb7 4. O-O e6 5. d4 Be7 6. a4 b4 7.
Nbd2 O-O 8. Nc4 d5 9. Nfe5 c5 10. dxc5 Bxc5 11. Be3 Qc7 12. Bxc5 Qxc5 13. Nd2 Qc7 14. Nd3 a5 15. Nb3 Nbd7 16. Rc1 Qb6 17. c4 bxc3 18. bxc3 Rac8 19. Nd4 Ba6 20. Qd2 Nc5 21.
Rb1 Qd6 22. Nb5 Bxb5 23. Rxb5 Nxa4 24. Rc1 Nb6 25. Nb2 Nc4 26. Nxc4 Rxc4 27. Rxa5 Rfc8 28. e3 Qc7 29. Ra3 g6 30. Qb2 Qe5 31. Rb3 h5 32.
Ra3 Kg7 33. Bf1 R4c5 34. Bg2 h4 35. Qd2 Rc4 36. Bf1 Ne4 37. Qb2 hxg3 38. hxg3 Rxc3 39.
Rcxc3 Rxc3 40. Bd3 Kf6 41. Bxe4 Rxa3 42. Qxa3 Qxe4 43.
Qd6 Kg7 44. Qe7 Qb1+ 45. Kg2 Qf5 46. Qd6 Qe4+ 47. Kg1 Qf3 48. Qe5+ Qf6 49. Qc7 Qf5 50. Kg2 Qe4+ 51. Kg1 e5 52. Qd6 d4 53. exd4 exd4 54. Qc5 d3 55. Qc3+ Kh7 56. Qf6 Kg8 57. Qd8+ Kg7 58.
Qd6 Qe1+ 59. Kg2 Qe4+ 60. Kg1 Qe1+ 61. Kg2 d2 62. Qd4+ Kg8 63. Qd8+ Kh7 64. Qh4+ Kg7 65. Qd4+ f6 66. Qd7+ Kh6 67. Qh3+ Kg7 68. Qd7+ Kg8 69. Qd8+ Kf7 70. Qd7+ Kg8 71. Qd8+ Kh7 72. Qd7+ Kh6 73. Qh3+ Kg7 74. Qd7+ 1/2-1/2

[Event "Early-Titled-Tuesday-Blitz-February-13-2024"]
[Site "Chess.com"]
[Date "2024.02.13"]
[Round "11"]
[White "MokshAD1603"]
[Black "GelmanAlexander"]
[Result "0-1"]
[WhiteElo "2611"]
[BlackElo "2765"]
[TimeControl "180+1"]
[EndTime "10:11:46 PST"]
[Termination "GelmanAlexander won by checkmate"]

1. e4 c5 2. Nf3 e6 3. d4 cxd4 4. Nxd4 a6 5. c4 d6 6. Nc3 Nf6 7. Be2 b6 8. f4 Bb7 9. Bf3 Nbd7 10. O-O Rc8 11. Qe2 Qc7 12. b3 b5 13. Be3 b4 14.
Nd5 exd5 15. exd5 Be7 16. Nf5 Nc5 17. Nxg7+ Kf8 18. Nf5 Rg8 19. Bd4 Re8 20. Rae1 Bd8 21. Qd2 Bc8 22. Ng3 Rxe1 23. Rxe1 Ng4 24. f5 Bg5 25. Qe2 Ne5 26. Bh5 Bf4 27. Rf1 Bxg3 28.
hxg3 Rxg3 29. Qd2 f6 30. Be3 Rxe3 31. Qxe3 Qg7 32. Kh1 a5 33. Be2 Bd7 34. Qh3 Be8 35. Rf4 Qg5 36. Qh4 h6 37. Qxg5 hxg5 38. Rf1 Ke7 39. Kg1 a4 40. Kf2 axb3 41. axb3 Nxb3 42.
Rb1 Nc5 43. Ke3 b3 44. Kd4 Ba4 45. Bd1 Kd7 46. Ra1 Kc7 47. Kc3 Kb6 48. Rb1 Ka5 49. Be2 Bd7 50. Ra1+ Kb6 51. Bd1 Bxf5 52. Bxb3 Be4 53.
Bc2 Bxc2 54. Kxc2 f5 55. Kc3 f4 56. Rb1+ Ka5 57. Rh1 g4 58. Rh8 f3 59. gxf3 gxf3 60. Rf8 f2 61. Kc2 Ncd3 62. Kd2 Kb4 63. Ke2 Kxc4 64.
Rf6 Kxd5 65. Rf8 Ke4 66. Rf6 d5 67. Rf8 d4 68. Rh8 Kd5 69. Rd8+ Kc4 70. Rc8+ Kb3 71.
Rb8+ Kc4 72. Rc8+ Kd5 73. Rd8+ Ke4 74. Rh8 Ng4 75. Re8+ Nde5 76. Rh8 d3+ 77. Kf1 d2 78. Rd8 d1=Q+ 79. Rxd1 Kf3 80. Rd3+ Ne3+ 81. Rxe3+ Kxe3 82. Kg2 Ke2 83. Kh1 f1=Q+ 84. Kh2 Qf4+ 85. Kg2 Qg4+ 86.
Kh1 Kf2 87. Kh2 Qg2# 0-1

[Event "Early-Titled-Tuesday-Blitz-February-13-2024"]
[Site "Chess.com"]
[Date "2024.02.13"]
[Round "11"]
[White "kylelancman"]
[Black "aghasiyevkamal"]
[Result "0-1"]
[WhiteElo "2450"]
[BlackElo "2628"]
[TimeControl "180+1"]
[EndTime "10:11:52 PST"]
[Termination "aghasiyevkamal won by resignation"]

1. e4 c5 2. Nf3 d6 3. Bb5+ Bd7 4.
Bxd7+ Qxd7 5. c4 g6 6. Nc3 Bg7 7. d4 cxd4 8. Nxd4 Nf6 9. f3 O-O 10. Be3 Rc8 11. b3 Nc6 12. O-O Nh5 13. Qd2 Nxd4 14. Bxd4 Bxd4+ 15. Qxd4 Qc6 16. Nd5 Re8 17. Rac1 e6 18. g4 exd5 19. cxd5 Nf4 20. dxc6 Ne2+ 21. Kf2 Nxd4 22. cxb7 Rab8 23. Rfd1 Ne6 24. Rxd6 Rxb7 25. Ke3 Ra8 26. h4 a5 27. h5 g5 28. h6 Kf8 29.
Rc4 a4 30. Rxa4 Rxa4 31. bxa4 Ra7 32. Rb6 Rxa4 33. Rb8+ Ke7 34. Rh8 Ra3+ 35. Kf2 Rxa2+ 36. Kf1 Nf8 37. Rg8 Ng6 38. Rg7 Rh2 39. Rxh7 Kf8 40.
Kg1 Rh4 41. Kg2 Ke7 42. Kg3 Kf6 43. Kg2 Nf4+ 44. Kg3 Kg6 45. Rg7+ Kxh6 46. Rxf7 Rh3+ 47. Kf2 Rh2+ 48. Ke3 Re2+ 49. Kd4 Ra2 50. Rf6+ Kg7 51. Rf5 Kg6 52. Ke3 Ra3+ 53. Kf2 Ne6 54. Rd5 Ra2+ 55. Ke3 Ra3+ 56. Kf2 Kf6 57. Rf5+ Ke7 58. Rd5 Rb3 59.
Rd2 Kf6 60. Rd5 Rc3 61. Rf5+ Ke7 62. Rd5 Rc5 63. Rd2 Kf6 64. Kg3 Ke5 65. Rd7 Rc1 66. Re7 Rc7 67. Re8 Kf6 68. Rg8 Nd4 69. Rd8 Ne6 70.
Rg8 Rc5 71. Kf2 Ra5 72. Ke3 Ra3+ 73. Kf2 Nf4 74. Rf8+ Ke6 75. Rf5 Ra2+ 76. Ke3 Ng2+ 77. Kd4 Ne1 78. f4 Nf3+ 79. Ke3 Ra3+ 80. Kf2 gxf4 81.
Rxf4 Ng5 82. Rf5 Nxe4+ 83. Kg2 Nf6 84. Rf3 Ra2+ 85. Kg3 Ra1 86. Rf2 Ne4+ 87. Kf3 Nxf2 0-1

[Event "Early-Titled-Tuesday-Blitz-February-13-2024"]
[Site "Chess.com"]
[Date "2024.02.13"]
[Round "11"]
[White "AttilaTurzo"]
[Black "Shodikulov_Jamshid1990"]
[Result "1/2-1/2"]
[WhiteElo "2479"]
[BlackElo "2373"]
[TimeControl "180+1"]
[EndTime "10:11:53 PST"]
[Termination "Game drawn - timeout vs insufficient material"]

1. d4 c5 2. d5 Nf6 3. Nc3 g6 4. e4 d6 5. Nf3 Bg7 6. Bc4 O-O 7.
O-O a6 8. a4 Bg4 9. h3 Bxf3 10.
Qxf3 Nbd7 11. Qd1 Rb8 12. a5 h5 13. Re1 Kh7 14. Bg5 Ne5 15. Bf1 Kg8 16. Qd2 Nh7 17. Be3 f5 18. f4 Nd7 19. exf5 gxf5 20. Be2 Qe8 21. Bf3 Qg6 22. Kh1 Rbe8 23. Bf2 Kh8 24. Re6 Ndf6 25. Rae1 Qf7 26. Qd3 Ng8 27. Nd1 Rb8 28.
c3 b6 29. Qxa6 bxa5 30. Qxa5 Rfe8 31. Qa4 Nf8 32. R6e2 Nf6 33. Qa7 Ng6 34. Re6 Qf8 35. Kh2 Nxf4 36. Rxe7 N4xd5 37. Rxe8 Rxe8 38. Rxe8 Qxe8 39.
Qb7 Nf4 40. Ne3 Qe5 41. Qc8+ Ng8 42. Qxf5 Qxf5 43. Nxf5 Nd3 44. Bg3 Nxb2 45. Nxg7 Kxg7 46. Bxd6 c4 47. Bxh5 Nf6 48. Be5 Nd3 49. Bxf6+ Kxf6 50. Kg3 Nc5 51. Be2 Ne4+ 52. Kf4 Nxc3 53. Bxc4 Na4 54. g4 Nb6 55. Bb3 Nd7 56. h4 Nc5 57. Bc2 Ne6+ 58. Ke4 Nc5+ 59. Kd5 Ne6 60. Ke4 Nc5+ 61. Kf3 Ne6 62.
Be4 Nd4+ 63. Kf4 Ne6+ 64. Kg3 Ke5 65. Bf5 Nd4 66. Bd3 Kf6 67. Bc4 Nc6 68. Kf4 Ne5 69. Bd5 Ng6+ 70. Kg3 Ne7 71. Be4 Ke5 72. Kf3 Nc8 73.
g5 Nd6 74. Bd3 Ke6 75. h5 Nf7 76. g6 Ne5+ 77. Ke4 Kf6 78. Kd4 Nf3+ 79. Ke3 Ng5 80. h6 Ne6 81. Bc2 Nc5 82. Kd4 Ne6+ 83. Ke4 Ng5+ 1/2-1/2